 Dungeon Crawl Stone Soup version 0.31.0-12-g77e489cdc1 (webtiles) character file.

Game seed: 12477361663311961159

2225 lordive the Protected (level 9, 0/65 (73) HPs)
             Began as an Armataur Fighter on Feb 28, 2024.
             Was a Follower of Okawaru.
             Slain by a wight
             ... wielding a +2 spear of freezing
              (1 damage)
             ... on level 6 of the Dungeon.
             The game lasted 00:13:01 (6175 turns).

lordive the Protected (Armataur Fighter)            Turns: 6175, Time: 00:13:01

HP:   0/65 (73)     AC: 15    Str: 21    XL:     9   Next: 13%
MP:   9/9           EV:  7    Int: 11    God:    Okawaru [*.....]
Gold: 161           SH:  5    Dex: 12    Spells: 8/8 levels left

rFire   . . .        v - +0 whip (flame)
rCold   . . .        c - +0 buckler
rNeg    . . .        p - +0 chain mail
rPois   .            j - +1 hat
rElec   .            (no cloak)
rCorr   .            (no gloves)
SInv    .            (no barding)
Will    .....        (no amulet) Stlth
                     g - +4 ring of protection
HPRegen 0.30/turn    q - ring of flight
MPRegen 0.11/turn

%: roll
@: flying, heavily drained
A: large, deformed body, tough skin 3, armoured tail, roll 2
a: Renounce Religion, Heroism


You were on level 6 of the Dungeon.
You worshipped Okawaru.
Okawaru was aware of your devotion.
You visited 2 branches of the dungeon, and saw 7 of its levels.

You collected 304 gold pieces.
You spent 143 gold pieces at shops.

Inventory:

Hand Weapons
 u - a +2 whip of draining
 v - a +0 whip of flaming (weapon)
Missiles
 w - a throwing net (quivered)
Armour
 b - a +0 scale mail
 c - a +0 buckler (worn)
 f - a +0 plate armour
 j - a +1 hat (worn)
 p - a +0 chain mail (worn)
 x - a +0 scale mail of positive energy
Jewellery
 d - a +6 ring of intelligence
 g - a +4 ring of protection (left hand)
 i - an amulet of faith
 q - a ring of flight (right hand)
 s - a ring of protection from fire
 B - a +6 ring of intelligence
Scrolls
 a - a scroll of torment {unknown}
 e - 3 scrolls of blinking
 l - 3 scrolls of amnesia
 m - a scroll of revelation
 o - 2 scrolls of butterflies {unknown}
 t - a scroll of fog
 y - 2 scrolls of fear
 A - a scroll of vulnerability
 C - 2 scrolls of teleportation {unknown}
 D - a scroll of enchant weapon {unknown}
Potions
 h - a potion of invisibility
 k - 2 potions of curing
 n - a potion of enlightenment
 r - a potion of ambrosia
 z - 2 potions of might
 E - a potion of heal wounds {unknown}
 F - a potion of attraction {unknown}


   Skills:
 + Level 4.9 Fighting
 + Level 7.0 Maces & Flails
 + Level 8.4 Armour
 * Level 2.5 Dodging
 * Level 5.6 Shields


You had 8 spell levels left.
You didn't know any spells.
Your spell library was empty.

Dungeon Overview and Level Annotations

Branches:
Dungeon (6/15)             Temple (1/1) D:5

Altars:
Ashenzari
Cheibriados
Elyvilon
Fedhas
Gozag
Hepliaklqana
Kikubaaqudgha
Makhleb
Nemelex Xobeh
Okawaru
Qazlal
Sif Muna
Trog
Uskayaw
Vehumet
Xom
Yredelemnul
Zin
The Shining One

Shops:
D:2 ?   D:4 *


Innate Abilities, Weirdness & Mutations

Armour fits poorly on your strangely shaped body.
You have extremely tough skin. (AC +3)
You have a long armoured tail.
You regenerate magic and health when rolling toward enemies. (Rampage Regen)


Message History

The wight closely misses you. The wight hits you but does no damage.
You hit the wight. You burn the wight.
The wight is heavily damaged.
The wight hits you from afar with a +2 spear of freezing.
The wight freezes you.
You barely miss the wight.
The wight is heavily damaged.
The wight hits you but does no damage.
You hit the wight but do no damage.
Your tail-slap misses the wight.
The wight is heavily damaged.
The wight hits you but does no damage.
The wight hits you with a +3 short sword.
You closely miss the wight.
The wight is heavily damaged.
The wight hits you from afar with a +2 spear of freezing.
* * * LOW HITPOINT WARNING * * *
You feel drained.
* * * LOW HITPOINT WARNING * * *
The wight freezes you.
* * * LOW HITPOINT WARNING * * *
The wight hits you with a +3 short sword.
* * * LOW HITPOINT WARNING * * *
The wight hits you from afar with a +2 spear of freezing.
* * * LOW HITPOINT WARNING * * *
The wight freezes you.
* * * LOW HITPOINT WARNING * * *
The wight hits you but does no damage. The wight attacks as it pursues you!
The wight hits you with a +3 short sword.
* * * LOW HITPOINT WARNING * * *
The wight attacks as it pursues you!
The wight hits you from afar with a +2 spear of freezing.
* * * LOW HITPOINT WARNING * * *
The wight freezes you.
* * * LOW HITPOINT WARNING * * *
The wight attacks as it pursues you!
The wight hits you from afar with a +2 spear of freezing.
* * * LOW HITPOINT WARNING * * *
You feel drained.
You die...

#.....# #.....#+## #.....#)##..##
#.... #.)....# #... #......# ..
#.. #......# ..##+##. #.zz...#
#.....######......# ########
#.....#...##..@.### #.......
#.....#...##....########.......
#.....#..........#.............
#.....#..........#....##...##..
#.....'..........#....##...##..
#.....#..........#....#........
#.....#..(.......#....#.>......
###.....#######...##....##.......
..............#...##....##.......


You could see 2 wights.

Vanquished Creatures
  2 black bears
  An ice beast (D:5)
  2 ogres
  A phantom (D:4)
  A kobold brigand (D:4)
  Blork the orc (D:4)
  3 scorpions
  6 wights
  5 hounds
  A jelly (D:6)
  6 orc priests
  A bombardier beetle (D:5)
  3 iguanas
  2 sleepcaps
  3 orc wizards
  Robin (D:2)
  7 adders
  23 gnolls
  2 white imps
  3 dart slugs
  3 ribbon worms
  33 orcs
  10 ball pythons
  5 bats
  3 endoplasms
  2 giant cockroaches
  12 goblins
  10 hobgoblins
  16 jackals
  2 quokkas
  5 frilled lizards
  7 kobolds
  3 rats (D:1)
185 creatures vanquished.

Notes
Turn   | Place    | Note
-------+----------+-------------------------------------------
     0 | D:1      | lordive the Armataur Fighter began the quest for the Orb.
     0 | D:1      | Reached XP level 1. HP: 18/18 MP: 1/1
    95 | D:1      | Reached XP level 2. HP: 5/25 MP: 2/2
    95 | D:1      | HP: 1/25 [frozen (5)]
   367 | D:1      | Reached skill level 4 in Armour
   431 | D:1      | Found a faded altar of an unknown god.
   727 | D:1      | Reached XP level 3. HP: 31/31 MP: 3/3
  1099 | D:2      | Found Coatwio's Magic Scroll Shoppe.
  1102 | D:2      | Bought a scroll of noise for 13 gold pieces
  1102 | D:2      | Bought a scroll of identify for 26 gold pieces
  1220 | D:2      | Reached XP level 4. HP: 38/38 MP: 4/4
  1573 | D:2      | Noticed Robin
  1579 | D:2      | Killed Robin
  1711 | D:3      | Found a white marble altar of Elyvilon.
  2056 | D:3      | Found a blossoming altar of Fedhas.
  2374 | D:3      | Reached XP level 5. HP: 39/45 MP: 5/5
  2618 | D:4      | Noticed Blork the orc
  2633 | D:4      | Killed Blork the orc
  2634 | D:4      | Reached skill level 5 in Armour
  2634 | D:4      | Reached XP level 6. HP: 6/52 MP: 6/6
  2899 | D:4      | Found Poocraaq's Assorted Antiques.
  2913 | D:4      | Identified the +1 dagger of Ickoluz {flame, rF- rC++ rCorr
                  | Stlth+}
  3178 | D:4      | Gained mutation: You regenerate magic and health when
                  | rolling toward enemies. (Rampage Regen) [Armataur growth]
  3178 | D:4      | Reached XP level 7. HP: 32/58 MP: 7/7
  3626 | D:4      | Reached skill level 5 in Maces & Flails
  3626 | D:4      | Reached skill level 6 in Armour
  3669 | D:2      | Bought a scroll of identify for 26 gold pieces
  3669 | D:2      | Bought a scroll of identify for 26 gold pieces
  3669 | D:2      | Bought a scroll of identify for 26 gold pieces
  3669 | D:2      | Bought a scroll of identify for 26 gold pieces
  4207 | D:4      | Reached skill level 1 in Dodging
  4452 | D:4      | Reached XP level 8. HP: 67/67 MP: 8/8
  4565 | D:5      | Entered Level 5 of the Dungeon
  4601 | D:5      | Reached skill level 7 in Armour
  4791 | D:5      | Found a staircase to the Ecumenical Temple.
  4800 | Temple   | Entered the Ecumenical Temple
  4822 | Temple   | Became a worshipper of Warmaster Okawaru
  5155 | D:5      | Reached skill level 5 in Shields
  5528 | D:5      | Reached skill level 8 in Armour
  5722 | D:6      | Reached * piety under Okawaru
  5739 | D:6      | Found a shimmering altar of Xom.
  5755 | D:6      | Reached XP level 9. HP: 73/73 MP: 9/9
  6175 | D:6      | HP: 1/67 [wight/+2 spear of freezing (4)]
  6175 | D:6      | Slain by a wight

Illustrated notes

Levels and vault maps discovered:
D:1:      dpeg_arrival_shelter, layout_basic, nicolae_ecumenical_snake_handling
D:2:      layout_basic, serial_shops, nicolae_shop_real_fake_doors, uniq_robin
D:3:      layout_rooms, nicolae_elyvilon_temple_path, fedhas_ov_isle_minmay
D:4:      lemuel_castle_with_subvaults [lemuel_castle_interior_carwin_1],
          layout_gridville, serial_shops, shop, uniq_blork_the_orc
D:5:      layout_loops_cross, minmay_temple_entry_overgrown
D:6:      layout_gridville, mainiacjoe_overflow_tiny_flanked
Temple:   regret_index_temple_sphere_string

Skill      XL: |  1  2  3  4  5  6  7  8  9 |
---------------+----------------------------+-----
Fighting       | 3 4 |  4.9
Armour         | 4 5 6 8 |  8.4
Maces & Flails | 2 3 4 5 6 7 |  7.0
Shields        | 4 5 |  5.6
Dodging        | 1 2 |  2.5

Action                     |  1- 3 |  4- 6 |  7- 9 || total
---------------------------+-------+-------+-------++-------
  Melee: Flail             |   124 |   201 |    66 ||   391
         Tailslap          |     9 |    18 |    51 ||    78
         Whip              |       |       |   338 ||   338
    Use: Potion            |       |     1 |       ||     1
         Scroll            |       |       |    10 ||    10
 Armour: Scale mail        |    42 |       |       ||    42
         Plate armour      |   103 |    17 |       ||   120
         Chain mail        |       |   200 |   349 ||   549
  Dodge: Dodged            |    37 |    64 |    96 ||   197
  Block: Buckler           |    29 |    55 |    70 ||   154
